 Dungeon Crawl Stone Soup version 0.29.1-12-g30fa7ad0bf (webtiles) character file.

Game seed: 8116350461382575189

57 hawla the Firebug (level 4, 0/33 HPs)
             Began as a Meteoran Fire Elementalist on Jan 2, 2023.
             Slain by a phantom (7 damage)
             ... on level 4 of the Dungeon.
             The game lasted 00:03:12 (634 turns).

hawla the Firebug (Meteoran Fire Elementalist)       Turns: 634, Time: 00:03:12

Health: 0/33       AC:  2    Str:  9    XL:     4   Next: 41%
Magic:  0/10       EV: 13    Int: 18    God:
Gold:   115        SH:  0    Dex: 15    Spells: 7/10 levels left

rFire   . . .      SeeInvis .   (no weapon)
rCold   . . .      Faith    .   (no shield)
rNeg    . . .      Spirit   .   a - +0 robe
rPois   .          Reflect  .   (no helmet)
rElec   .          Harm     .   (no cloak)
rCorr   .          Rampage  .   (no gloves)
Will    .....                   (no boots)
Stlth   +.........              d - amulet of regeneration
HPRegen 0.91/turn               (no ring)
MPRegen 0.12/turn               (no ring)

@: flying, glowing
A: sense surroundings 1, otherworldly, glowing, explore regen
a: no special abilities


You were on level 4 of the Dungeon.
You visited 1 branch of the dungeon, and saw 4 of its levels.

You collected 115 gold pieces.

Inventory:

Armour
 a - a +0 robe (worn)
Jewellery
 d - an amulet of regeneration (around neck)
Potions
 b - a potion of magic


   Skills:
 + Level 0.2 Fighting
 + Level 2.8 Dodging
 - Level 1.4 Stealth
 + Level 3.7 Spellcasting
 + Level 1.9 Conjurations
 + Level 4.5 Fire Magic


You had 7 spell levels left.
You knew the following spells:

 Your Spells              Type           Power      Damage    Failure   Level
a - Foxfire               Conj/Fire      60%        2x1d7     4%          1
b - Scorch                Fire           38%        2d6       3%          2

Your spell library contained the following spells:

 Spells                   Type           Power      Damage    Failure   Level
 Magic Dart               Conj           40%        1d5       7%          1
 Conjure Flame            Conj/Fire      15%        6-21      12%         3
 Slow                     Hex            12%        N/A       16%         1
 Inner Flame              Hex/Fire       11%        N/A       19%         3
 Call Imp                 Summ           3%         N/A       22%         2
 Mephitic Cloud           Conj/Pois/Air  5%         N/A       34%         3
 Flame Wave               Conj/Fire      15%        2d7       36%         4
 Confusing Touch          Hex            3%         N/A       41%         3
 Vampiric Draining        Necr           3%         2d6       41%         3
 Summon Cactus Giant      Summ           1%         N/A       100%        6


Dungeon Overview and Level Annotations

Branches:
Dungeon (4/15) Zot: 1764
 Temple: D:4-7

Altars:


Innate Abilities, Weirdness & Mutations

You passively map a small area around you.
You are easily found by Zot.
You glow in the dark.
You regain HP and MP as you explore.


Message History

The phantom hits you but does no damage.
The phantom attacks as you move away! The phantom closely misses you.
You see here a book of Minor Magic.
You pick up a book of Minor Magic and begin reading...
You add the spells Magic Dart, Call Imp and Mephitic Cloud to your library.
The phantom barely misses you.
Casting: Scorch (safe; 3% risk of failure)
Confirm with . or Enter, or press ? or * to list all spells.
You conjure some foxfire!
The foxfire hits the kobold but does no damage.
The phantom hits you.
Casting: Foxfire (safe; 4% risk of failure)
Confirm with . or Enter, or press ? or * to list all spells.
You conjure some foxfire!
The foxfire hits the phantom.
The phantom is severely damaged.
The phantom misses you.
You miss the phantom.
The phantom is severely damaged.
The foxfire hits the kobold.
You kill the kobold!
The foxfire hits the phantom.
The phantom is almost destroyed.
The phantom hits you.
The phantom blinks!
You blink.
Casting: Foxfire (safe; 4% risk of failure)
Confirm with . or Enter, or press ? or * to list all spells.
You conjure some foxfire!
The phantom hits you.
You hit the worm but do no damage.
The worm is lightly wounded.
The foxfire hits the worm.
The worm is lightly wounded.
The phantom barely misses you. The worm bites you.
* * * LOW HITPOINT WARNING * * *
You pick up a book of Scorching and begin reading...
You add the spell Summon Cactus Giant to your library.
The phantom hits you.
* * * LOW HITPOINT WARNING * * *
It was a potion of flight.
You feel very buoyant.
You fly up into the air.
The worm misses you. The phantom hits you!
You die...

############# *
..PP........#*
P~~~~.~~P...,#
..P~~~~.~~♣. .#
P~?~≈≈~~~.~♣#.###
,P.~♣~≈~≈.~~.....##
,...~~.~~~~~P.....##
.[~~~~~.~~P.......#
,.#P.....P@.......#
#####...wW......# *
##..).......#
##.#######..........#
.......<...).......##
.....###.#...†...†..#
..., *#..#..........#
. , #.##...)......# ,
..*#....<.....#


You could see a phantom and a worm.

Vanquished Creatures
  2 adders
  A worm (D:4)
  3 bats
  5 endoplasms
  2 giant cockroaches (D:1)
  4 goblins
  2 hobgoblins (D:3)
  4 jackals (D:1)
  2 ball pythons
  A frilled lizard (D:3)
  3 kobolds
  5 rats
34 creatures vanquished.

Vanquished Creatures (collateral kills)
  2 foxfires (D:4)
2 creatures vanquished.

Vanquished Creatures (others)
  60 foxfires
  2 plants (D:4)
62 creatures vanquished.

Grand Total: 98 creatures vanquished

Notes
Turn   | Place    | Note
-------+----------+-------------------------------------------
     0 | D:1      | hawla the Meteoran Fire Elementalist began the quest for
                  | the Orb.
     0 | D:1      | Reached XP level 1. HP: 14/14 MP: 5/5
    54 | D:1      | Reached XP level 2. HP: 17/20 MP: 4/6
    85 | D:1      | Reached skill level 4 in Fire Magic
    88 | D:1      | Learned a level 2 spell: Scorch
   155 | D:1      | Reached XP level 3. HP: 21/26 MP: 1/8
   355 | D:3      | Identified the +4 ring mail of Modesty {Int+2 Dex+2 Slay+2}
   408 | D:3      | Found a faded altar of an unknown god.
   563 | D:4      | Reached XP level 4. HP: 22/33 MP: 4/10
   579 | D:4      | Noticed a phantom
   634 | D:4      | Slain by a phantom

Illustrated notes

Levels and vault maps discovered:
D:1:      minmay_arrival_four_circles, layout_loops_ring
D:2:      minmay_spotlight, layout_basic, basic_altar, minmay_split_cup_small
D:3:      layout_loops_cross, shapermc_ecumenical_altar_venn, kennysheep_doodads
D:4:      layout_rooms, nicolae_yredelemnul_ghost_church, serial_bayou,
          serial_bayou_lagoon_b, serial_bayou_ford_a, serial_bayou_lagoon_a,
          serial_bayou_shore_a, serial_bayou_pond_b, serial_bayou_shore_b,
          nicolae_ossuary_entry_false_entrances

Skill      XL: |  1  2  3 |
---------------+----------+-----
Fire Magic     | 4 |  4.5
Spellcasting   | 3 |  3.7
Fighting       | |  0.2
Dodging        | |  2.8
Stealth        | |  1.4
Conjurations   | |  1.9

Action                   |  1- 3 |  4- 6 || total
-------------------------+-------+-------++-------
Melee: Unarmed           |     8 |     5 ||    13
 Cast: Foxfire           |    25 |    11 ||    36
       Scorch            |    11 |     4 ||    15
  Use: Scroll            |     3 |       ||     3
       Potion            |       |     1 ||     1
Armor: Robe              |     5 |     2 ||     7
Dodge: Dodged            |     8 |     8 ||    16
